AoeStats
← no one

Black Forest

510397124Analyzed
2v2 RM · 2d ago on Sep 30, 2026· 23m 7s· 4 players
Game mode
Random Map
Map size
Medium (4 player)
Population
200
Speed
Normal
Resources
Standard
Victory
Conquest
Starting age
Dark Age
Ending age
Imperial Age
RankedLock teamsTeams togetherTeam positionsShared explorationLock speedFull tech treeHidden civsTurbo modeCheats
Victory
Defeat
🇸🇪 Chinese · Sweden
1298
+14
🇦🇷 Koreans · Argentina
1273
+15
🇷🇴 Burmese · Romania
1284
-15
🇷🇴 Magyars · Romania
1233
-14
Nelu Turcu
0:51 Loom
11:54 Feudal Age
12:03 Man-at-Arms
18:50 Castle Age
16:37 Horse Collar
20:40 Elite Skirmisher
21:40 Padded Archer Armor
21:31 Fletching
La Volpe
0:27 Loom
11:54 Feudal Age
13:41 Double-Bit Axe
18:26 Castle Age
18:15 Stone Mining
21:10 Bow Saw
21:29 Fletching
21:41 Padded Archer Armor
johg0001
0:27 Loom
11:21 Feudal Age
16:20 Castle Age
15:58 Town Watch
17:37 Double-Bit Axe
21:07 Fletching
23:04 Bodkin Arrow
no one
0:51 Loom
11:39 Feudal Age
15:53 Castle Age
14:07 Double-Bit Axe
14:07 Horse Collar
15:31 Town Watch
16:46 Bow Saw
17:01 Fletching
18:01 Bodkin Arrow
Connection lost

Rejoining the realm…

Still unreachable

The connection could not be restored.

Session expired

The server has moved on; the page needs a fresh start.